Map: Base du roi Sejong EC

Players

Jonas - Winner!

  • Race: Zerg Zerg
  • League: Gold
  • Spawn Location: 11:00

zidar

  • Race: Zerg Zerg
  • League: Gold
  • Spawn Location: 5:00

VOD

Have the link to the VOD?

Description

Time

  • Played on: June 16, 2016, 10:43 a.m.
  • Length: 6:11
Show
View Real Time Build Order
Export as new Build Order

Jonas Zerg - Winner!

Build Orders: Hatch First 

Get SALT Encoding   

  12  0:01  Drone  
  13  0:12  Overlord  
  13  0:16  Drone  
  14  0:30  Drone x2  
  16  0:36  Drone  
  17  0:57  Hatchery  
  17  0:58  Drone  
  17  1:01  Drone  
  18  1:18  Spawning Pool  
  18  1:20  Extractor  
  16  1:28  Drone x2  
  16  1:32  Overlord  
  18  1:39  Drone  
  19  1:52  Drone  
  20  2:04  Drone  
  21  2:09  Queen x2  
  21  2:11  Zergling x2  
  21  2:13  Zergling x2  
  27  2:22  Metabolic Boost  
  27  2:38  Zergling x4  
  27  2:39  Zergling x4  
  31  2:47  Baneling Nest  
  31  2:48  Drone  
  31  2:58  Spine Crawler  
  30  3:03  Zergling x6  
  33  3:16  Zergling x6  
  36  3:31  Overlord x3  
  35  3:41  Baneling x4  
  35  3:49  Zergling x10  
  35  3:50  Zergling x2  
  36  4:26  Zergling x12  
  36  4:30  Queen  
  39  4:58  Baneling x3  
  38  5:05  Zergling x22  
  38  5:06  Zergling x2  
  46  5:29  Zergling x12  
  46  5:35  Baneling x2  
  47  5:36  Baneling x2  
  47  5:41  Baneling  
  47  5:42  Baneling  
  47  5:43  Zergling x8  
Show
View Real Time Build Order
Export as new Build Order

zidar Zerg 

Build Orders: Pool First 

Get SALT Encoding   

  12  0:01  Drone  
  13  0:12  Overlord  
  13  0:17  Drone  
  14  0:30  Drone x2  
  16  0:42  Spawning Pool  
  15  0:44  Drone  
  15  0:48  Extractor  
  15  0:50  Drone  
  16  0:58  Overlord  
  16  1:08  Overlord  
  16  1:36  Hatchery  
  16  1:41  Overlord  
  16  1:42  Queen  
  16  1:44  Zergling x2  
  19  1:48  Metabolic Boost  
  19  1:52  Zergling x2  
  20  2:02  Zergling x2  
  21  2:11  Zergling x2  
  23  2:22  Zergling x2  
  23  2:33  Zergling x2  
  24  2:37  Hatchery  
  23  2:45  Drone  
  24  2:54  Zergling x6  
  27  2:59  Zergling x2  
  28  3:16  Zergling x2  
  29  3:25  Zergling x8  
  31  3:43  Zergling x2  
  32  3:53  Queen  
  21  4:25  Zergling x8  
  21  4:29  Zergling x12  
  28  5:08  Zergling x2  
  28  5:09  Spine Crawler, Zergling x16  
  30  5:23  Zergling x4  
  27  5:47  Hatchery  
  27  5:48  Roach Warren  
Tags
 
Add a new tag
Caveats
  • Supply blocks, unpowered buildings, or Contaminate may cause inaccurate times.
  • Supply counts are checked every 10 seconds.